 Dungeon Crawl Stone Soup version 0.29.0-4-gdea44cf6ec (webtiles) character file.

Game seed: 5620761071984190386

114 qw the Chopper (level 4, -1/26 HPs)
             Began as a Tengu Warper on Aug 28, 2022.
             Slain by a goblin
             ... wielding a +0 spear
             ... led by Robin
              (2 damage)
             ... on level 3 of the Dungeon.
             The game lasted 00:00:16 (2852 turns).

qw the Chopper (Tengu Warper)                       Turns: 2852, Time: 00:00:16

Health: -1/26      AC:  4    Str: 13    XL:     4   Next: 97%
Magic:  8/8        EV: 12    Int: 14    God:
Gold:   178        SH:  0    Dex: 13    Spells: 7/7 levels left

rFire   . . .      SeeInvis .   Y - +1 hand axe
rCold   . . .      Faith    .   (no shield)
rNeg    . . .      Spirit   .   b - +0 leather armour
rPois   .          Reflect  .   (helmet restricted)
rElec   .          Harm     .   (no cloak)
rCorr   .          Rampage  .   a - +0 pair of gloves
Will    .....                   (boots unavailable)
Stlth   +.........              (no amulet)
HPRegen 0.08/turn               (no ring)
MPRegen 0.11/turn               (no ring)

@: no status effects
A: beak, talons 3
a: no special abilities


You were on level 3 of the Dungeon.
You visited 1 branch of the dungeon, and saw 3 of its levels.

You collected 178 gold pieces.


Innate Abilities, Weirdness & Mutations

You have a beak for a mouth.
You have claws for feet.


   Skills:
 - Level 2.0 Fighting
 + Level 5.4 Axes
 - Level 1.0 Throwing
 - Level 1.1 Armour
 - Level 2.1 Dodging
 - Level 2.0 Spellcasting
 - Level 2.4 Translocations


You had 7 spell levels left.
You didn't know any spells.
Your spell library contained the following spells:

 Spells                   Type           Power      Damage    Failure   Level
 Blink                    Tloc           16%        N/A       17%         2
 Gell's Gravitas          Tloc           8%         N/A       34%         3
 Lesser Beckoning         Tloc           8%         N/A       34%         3
 Teleport Other           Tloc           8%         N/A       34%         3
 Manifold Assault         Tloc           8%         N/A       97%         5

Inventory:

Hand Weapons
 c - a +0 flail
 Y - a +1 hand axe (weapon)
Armour
 a - a +0 pair of gloves (worn)
 b - a +0 leather armour (worn)
 j - a +0 scale mail
Jewellery
 k - a ring of ice
Scrolls
 e - a scroll of noise {unknown}
Potions
 d - a potion of haste {unknown}
 f - a potion of might {unknown}
 g - a potion of resistance {unknown}
 h - a potion of curing {unknown}
 i - 3 potions of lignification {unknown}

Dungeon Overview and Level Annotations

Branches:
Dungeon (3/15)

Altars:
Ashenzari

Shops:
D:2 (


Message History

Robin is moderately wounded.
You barely miss Robin. You claw Robin.
Robin is severely wounded.
You closely miss the goblin.
The hobgoblin no longer looks unusually strong.
Robin misses you. The goblin hits you with a +0 dagger.
You hit Robin but do no damage. Your kick misses Robin.
Robin is severely wounded.
You completely miss the goblin. Robin throws the goblin at you!
The goblin hits you with a +0 dagger. The goblin barely misses you.
The goblin hits you with a +0 dagger. The goblin hits you with a +0 club.
The goblin hits you from afar with a +0 spear.
You hit Robin. You claw Robin, but do no damage.
Robin is almost dead.
You hit the goblin but do no damage. You hit the goblin.
The goblin no longer looks unusually strong.
Robin hits you with a +0 war axe. The goblin completely misses you.
The goblin closely misses you.
The goblin hits you from afar with a +0 spear.
You closely miss Robin. You claw Robin.
You kill Robin!
You hit the goblin.
You kill the goblin!
You hit the goblin.
You kill the goblin!
A worm comes into view.
The goblin hits you but does no damage.
2849 ||| Stepping ~*~*~tactically~*~*~ (stealth).
You see here a +0 dagger.
You closely miss the hobgoblin.
You claw the hobgoblin, but do no damage.
You peck the hobgoblin.
The hobgoblin is heavily wounded.
The hobgoblin hits you with a +0 dagger.
You hit the hobgoblin.
You kill the hobgoblin!
The goblin hits you from afar with a +0 spear.
The goblin hits you with a +0 spear.
You die...

#.^......#.##..#.#.....#..
#..>....)......#.#.....#..
#.......##.###.#)'.<...#..
#####'####.....###.....###
#...######## ######...
###.## #... #..# #...
##.##### #... #)@).<# ####
#g##### #.. ... .....
w....g ........ ......
###### ...#..


You could see a worm and a goblin.

Vanquished Creatures
  Robin (D:3)
  2 adders (D:2)
  5 worms
  2 dart slugs
  2 orcs (D:3)
  5 endoplasms
  2 giant cockroaches (D:1)
  10 goblins
  6 hobgoblins
  7 kobolds
  2 quokkas
  6 ball pythons
  6 bats
  A frilled lizard (D:1)
  5 rats
62 creatures vanquished.

Notes
Turn   | Place    | Note
-------+----------+-------------------------------------------
     0 | D:1      | qw the Tengu Warper began the quest for the Orb.
     0 | D:1      | Reached XP level 1. HP: 12/12 MP: 4/4
     0 | D:1      | 0 ||| qw: Version: 0.1-a-89-g26bdef1
     0 | D:1      | 0 ||| qw: Game counter: 638
     0 | D:1      | 0 ||| qw: Always use a shield: true
     0 | D:1      | 0 ||| qw: God list: Okawaru
     0 | D:1      | 0 ||| qw: Allow faded altars: false
     0 | D:1      | 0 ||| qw: Do Orc after D:15 true
     0 | D:1      | 0 ||| qw: Do second Lair branch before Depths: true
     0 | D:1      | 0 ||| qw: Lair rune preference: random
     0 | D:1      | 0 ||| qw: Plans: Normal
     0 | D:1      | 0 ||| PLANNING D:1-11
     6 | D:1      | 6 ||| Stepping ~*~*~tactically~*~*~ (stealth).
     7 | D:1      | 7 ||| Stepping ~*~*~tactically~*~*~ (stealth).
     8 | D:1      | 8 ||| Stepping ~*~*~tactically~*~*~ (stealth).
   116 | D:1      | Reached XP level 2. HP: 17/17 MP: 6/6
   129 | D:1      | Found a faded altar of an unknown god.
   139 | D:1      | Reached skill level 3 in Axes
   150 | D:1      | 150 ||| Stepping ~*~*~tactically~*~*~ (stealth).
   312 | D:1      | 312 ||| Stepping ~*~*~tactically~*~*~ (hiding).
   692 | D:1      | 692 ||| Stepping ~*~*~tactically~*~*~ (stealth).
   694 | D:1      | Reached XP level 3. HP: 21/21 MP: 7/7
   696 | D:1      | 696 ||| Stepping ~*~*~tactically~*~*~ (stealth).
   763 | D:1      | 763 ||| READING scroll labelled HIDOKA JEEKUXAIS.
   764 | D:1      | 764 ||| READING scroll labelled ANTENE TUCSA.
   765 | D:1      | 765 ||| READING scroll labelled GUUWAH SEFUOZI.
   766 | D:1      | 766 ||| READING scroll labelled AKHETA TOVOORGH.
   767 | D:1      | 767 ||| READING scroll labelled PERPHO FIOFF.
   768 | D:1      | 768 ||| DRINKING 2 glowing purple potions.
   769 | D:1      | 769 ||| DROPPING scroll of blinking.
   770 | D:1      | 770 ||| DROPPING potion of invisibility.
   852 | D:2      | Found a broken altar of Ashenzari.
   901 | D:2      | Reached skill level 4 in Axes
   947 | D:2      | 947 ||| Stepping ~*~*~tactically~*~*~ (hiding).
  1088 | D:2      | 1088 ||| DROPPING +0 club.
  1603 | D:2      | Reached XP level 4. HP: 26/26 MP: 8/8
  1839 | D:2      | Found Huanaacez's Weapon Shop.
  1845 | D:2      | 1845 ||| SHOPLISTING +2 war axe of holy wrath (183 gold,
                  | have 138).
  1909 | D:2      | 1909 ||| UPGRADING to +0 pair of gloves.
  1914 | D:2      | 1914 ||| READING scroll labelled KOPNOI BUFUUSI.
  2144 | D:3      | Reached skill level 5 in Axes
  2145 | D:3      | 2145 ||| FLEEEEING.
  2146 | D:3      | 2146 ||| FLEEEEING.
  2147 | D:3      | 2147 ||| FLEEEEING.
  2148 | D:3      | 2148 ||| FLEEEEING.
  2153 | D:3      | 2153 ||| Stepping ~*~*~tactically~*~*~ (stealth).
  2178 | D:3      | 2178 ||| Stepping ~*~*~tactically~*~*~ (stealth).
  2209 | D:3      | 2209 ||| FLEEEEING.
  2210 | D:3      | 2210 ||| FLEEEEING.
  2421 | D:3      | 2421 ||| Stepping ~*~*~tactically~*~*~ (stealth).
  2597 | D:3      | 2597 ||| Stepping ~*~*~tactically~*~*~ (stealth).
  2601 | D:3      | 2601 ||| Stepping ~*~*~tactically~*~*~ (hiding).
  2603 | D:3      | 2603 ||| Stepping ~*~*~tactically~*~*~ (hiding).
  2604 | D:3      | 2604 ||| Stepping ~*~*~tactically~*~*~ (hiding).
  2701 | D:3      | 2701 ||| Stepping ~*~*~tactically~*~*~ (stealth).
  2703 | D:3      | 2703 ||| FLEEEEING.
  2786 | D:3      | 2786 ||| Stepping ~*~*~tactically~*~*~ (stealth).
  2832 | D:3      | Noticed Robin
  2834 | D:3      | 2834 ||| Stepping ~*~*~tactically~*~*~ (hiding).
  2838 | D:3      | 2838 ||| Stepping ~*~*~tactically~*~*~ (stealth).
  2848 | D:3      | Killed Robin
  2849 | D:3      | 2849 ||| Stepping ~*~*~tactically~*~*~ (stealth).
  2850 | D:3      | HP: 5/26 [hobgoblin/+0 dagger[Robin] (4)]
  2851 | D:3      | HP: 1/26 [goblin/+0 spear[Robin] (4)]
  2852 | D:3      | Slain by a goblin

Levels and vault maps discovered:
D:1:      roderic_crossed_star, layout_basic,
          dreamdust_ecumenical_altar_statues, serial_curves, eino_curves_02,
          eino_curves_01
D:2:      layout_loops_corners, serial_shops, nicolae_shop_trees, basic_altar
D:3:      layout_basic, lemuel_crystal_altar, minmay_misc_feat_secret_circle,
          uniq_robin

Skill      XL: |  1  2  3  4 |
---------------+-------------+-----
Axes           | 3 4 5 |  5.4
Fighting       | |  2.0
Throwing       | |  1.0
Armour         | |  1.1
Dodging        | |  2.1
Spellcasting   | |  2.0
Translocations | |  2.4

Action                   |  1- 3 |  4- 6 || total
-------------------------+-------+-------++-------
Melee: Hand axe          |    85 |    62 ||   147
       Kick              |    18 |    18 ||    36
       Peck              |    16 |    11 ||    27
       Punch             |     1 |       ||     1
Throw: Boomerang         |     7 |       ||     7
  Use: Scroll            |     5 |     1 ||     6
       Potion            |     1 |       ||     1
Armor: Leather armour    |    14 |     7 ||    21
Dodge: Dodged            |    32 |    26 ||    58

Table legend:
 A = Non-vault XP
 B = Vault XP
 C = Vault XP percentage of total XP
 D = Non-vault monster count
 E = Vault monster count
 F = Vault count percentage of total count
                 A         B        C        D         E       F
            +---------+---------+-------+---------+---------+-------
      Total |     128 |      35 |  21.5 |      51 |      11 |  17.7
            +---------+---------+-------+---------+---------+-------
        D:1 |      38 |       0 |   0.0 |      22 |       0 |   0.0
        D:2 |      58 |       0 |   0.0 |      15 |       0 |   0.0
        D:3 |      32 |      35 |  52.2 |      14 |      11 |  44.0
            +---------+---------+-------+---------+---------+-------
